cohdb
Replays
Latest Replays
All Replays
Popular Replays
Top Player Replays
Match Explorer
How It Works
Community
CoH3 Stats
Reddit
Sign in to upload your games and track your stats! →
Sign in with Steam
Match 32541520
Unlisted
Match 32541520
Overview
Messages
Build Orders
End
Kettenkrad Recon Vehicle
Construct Infanterie Kompanie
MG 42 Machine Gun Team
MG 42 Machine Gun Team
GrW 34 Mortar Team
Construct Panzergrenadier Kompanie
Panzergrenadier Squad
Panzergrenadier Squad
Pak 40 Anti-tank Gun Team
Selects Mechanized Battlegroup
Selects Mobile Repair Stations
Support Elements
Panzergrenadier Squad
StuG III G Assault Gun
MG 42 Bunker
Selects Wespe Self-propelled Artillery
Panzergrenadier Squad
Wespe Self-propelled Artillery
Forward Retreat Point
Construct Panzer Kompanie
MG 42 Bunker
Sturmpanzer IV Brummbär
Selects Raid Package
Selects 8 Rad Armored Car
Selects UNKNOWN (2160084)
Panther Heavy Tank
Selects Mechanized Assault
Mechanized Assault
Panther Heavy Tank
Pioneer Squad
MG 42 Machine Gun Team
Mechanized Assault
FrustrateHead รักลุงพลน้องไนซ์
[EASY] CLUBs37
[OldMetal]Pepe
Nong Job
kardsharp
STRIKE_IIVI ➽
Fookin' Laser Sights
AraShi-
0
0
Comments
sign in to comment!
No comments posted yet!